 Dungeon Crawl Stone Soup version 0.29.1-12-g30fa7ad0bf (webtiles) character file.

Game seed: 5284638009125284697

25004 retardedninja the Blocker (level 12, -29/115 HPs)
             Began as a Minotaur Fighter on Jan 9, 2023.
             Was an Initiate of Gozag.
             Annihilated by an enormous slime creature (45 damage)
             ... on level 13 of the Dungeon.
             The game lasted 00:22:46 (17960 turns).

retardedninja the Blocker (Minotaur Fighter)       Turns: 17960, Time: 00:22:46

Health: -29/115    AC: 28    Str: 26    XL:     12   Next: 85%
Magic:  11/11      EV:  7    Int:  5    God:    Gozag
Gold:   2707       SH: 17    Dex: 13    Spells: 11/11 levels left

rFire   . . .      SeeInvis +   a - +2 war axe
rCold   . . .      Faith    .   f - +5 kite shield of the Slug {Harm rElec rF- Regen+}
rNeg    . . .      Spirit   .   r - +0 plate armour
rPois   .          Reflect  .   (helmet restricted)
rElec   +          Harm     +   C - +1 cloak {Will+}
rCorr   .          Rampage  .   m - +0 pair of gloves
Will    +....                   (no boots)
Stlth   ..........              d - amulet "Joaxoteown" {rF+ Regen+ Dex+3 SInv}
HPRegen 1.89/turn               I - +4 ring of protection
MPRegen 0.12/turn               A - +4 ring of protection

@: gold aura
A: horns 2, retaliatory headbutt
a: Renounce Religion, Potion Petition, Call Merchant, Bribe Branch


You were on level 13 of the Dungeon.
You worshipped Gozag.
Gozag was most pleased with you.
You visited 2 branches of the dungeon, and saw 14 of its levels.
You also visited: Bailey.

You collected 3570 gold pieces.
You paid 863 gold pieces to Gozag.

Inventory:

Hand Weapons
 a - a +2 war axe (weapon)
Armour
 f - the +5 kite shield of the Slug (worn) {Harm rElec rF- Regen+}
   (You acquired it on level 9 of the Dungeon)

   rF:        It makes you vulnerable to fire.
   rElec:     It insulates you from electricity.
   Regen:     It increases your rate of health regeneration.
   Harm:      It increases damage dealt and taken.
 m - a +0 pair of gloves (worn)
 r - a +0 plate armour (worn)
 C - a +1 cloak of willpower (worn)
Jewellery
 d - the amulet "Joaxoteown" (around neck) {rF+ Regen+ Dex+3 SInv}
   (You found it on level 9 of the Dungeon)

   [amulet of regeneration]

   Dex:       It affects your dexterity (+3).
   rF:        It protects you from fire.
   SInv:      It lets you see invisible.
   Regen:     It increases your rate of health regeneration.
 n - a ring of poison resistance
 t - a ring of see invisible
 A - a +4 ring of protection (right hand)
 D - a ring of willpower
 I - a +4 ring of protection (left hand)
Wands
 b - a wand of charming (37)
 l - a wand of flame (10)
 o - a wand of polymorph (13)
 u - a wand of roots (2)
Scrolls
 i - a scroll of amnesia
 p - 3 scrolls of teleportation
 s - a scroll of magic mapping
 y - a scroll of fear
 B - 3 scrolls of blinking
 F - 4 scrolls of poison
 H - a scroll of noise
Potions
 c - a potion of mutation {unknown}
 h - 9 potions of curing
 j - 3 potions of magic
 k - a potion of brilliance
 w - 3 potions of lignification
 x - 2 potions of cancellation
 z - a potion of flight
 E - a potion of ambrosia
Miscellaneous
 q - a tin of tremorstones (2/2)


   Skills:
 + Level 13.6 Fighting
 + Level 13.2 Axes
 + Level 13.5 Armour
 + Level 13.6 Shields


You had 11 spell levels left.
You didn't know any spells.
Your spell library contained the following spells:

 Spells                   Type           Power      Damage    Failure   Level
 Sting                    Tmut/Pois      0%         1d3       100%        1
 Poisonous Vapours        Pois/Air       0%         N/A       100%        2
 Static Discharge         Conj/Air       0%         3-3/arc   100%        2
 Call Canine Familiar     Summ           0%         N/A       100%        3
 Dazzling Flash           Conj/Hex       0%         N/A       100%        3
 Frozen Ramparts          Ice            0%         1d1       100%        3
 Portal Projectile        Hex/Tloc       0%         N/A       100%        3
 Airstrike                Air            0%         2d(0-16)  100%        4
 Dispel Undead            Necr           0%         3d6       100%        4
 Ice Form                 Ice/Tmut       0%         N/A       100%        4
 Leda's Liquefaction      Hex/Erth       0%         N/A       100%        4
 Olgreb's Toxic Radiance  Pois           0%         N/A       100%        4
 Sticky Flame             Conj/Fire      0%         2d3       100%        4
 Summon Ice Beast         Ice/Summ       0%         N/A       100%        4
 Summon Lightning Spire   Summ/Air       0%         N/A       100%        4
 Agony                    Necr           0%         N/A       100%        5
 Lee's Rapid Deconstruct  Erth           0%         3d5*      100%        5
 Lightning Bolt           Conj/Air       0%         1d11      100%        5
 Silence                  Hex/Air        0%         N/A       100%        5
 Summon Mana Viper        Hex/Summ       0%         N/A       100%        5
 Statue Form              Tmut/Erth      0%         N/A       100%        6
 Monstrous Menagerie      Summ           0%         N/A       100%        7
 Storm Form               Tmut/Air       0%         N/A       100%        7
 Maxwell's Capacitive Co  Air            0%         ∞         100%        8


Dungeon Overview and Level Annotations

Branches:
Dungeon (13/15)            Temple (1/1) D:6            Lair (0/5) D:8
    Orc (0/2) D:12         Bailey (visited)
 Vaults: D:13-14

Altars:
Ashenzari
Cheibriados
Dithmenos
Elyvilon
Fedhas
Gozag
Hepliaklqana
Kikubaaqudgha
Makhleb
Nemelex Xobeh
Okawaru
Qazlal
Ru
Sif Muna
Trog
Uskayaw
Vehumet
Wu Jian
Xom
Yredelemnul
Zin
The Shining One

Shops:
D:9 =

Portals:
Trove: D:10 (show abyssal rune of Zot)

Annotations:
D:13 Rupert


Innate Abilities, Weirdness & Mutations

You have a pair of horns on your head.
You reflexively headbutt those who attack you in melee.


Message History

Unknown command.
Okay, then.
Aiming: Quicksilver Bolt
Press: ? - help, Q - select action, (/) - cycle Shift-Dir - straight line, f/p - enormous slime creature
Aim: an enormous slime creature (lightly wounded, 94% to hit)
The bolt of dispelling energy misses the enormous slime creature.
The bolt of dispelling energy hits the cyclops!
The cyclops is severely wounded.
The bolt of dispelling energy hits the kobold demonologist!
You kill the kobold demonologist!
The sun demon disappears in a puff of smoke!
The soul eater disappears in a puff of smoke!
The bolt of dispelling energy hits the kobold demonologist!
The kobold demonologist is severely wounded.
The grasping roots constrict the kobold brigand!
The roots release their grip on the kobold brigand.
The iron imp lashes its tail.
The enormous slime creature hits you!!
Aiming: Quicksilver Bolt
Press: ? - help, Q - select action, (/) - cycle Shift-Dir - straight line, f/p - enormous slime creature
Aim: an enormous slime creature (lightly wounded, 94% to hit)
The bolt of dispelling energy hits the enormous slime creature!
The enormous slime creature is lightly wounded.
The bolt of dispelling energy hits the cyclops!
The cyclops is almost dead.
The bolt of dispelling energy hits the kobold demonologist!
You kill the kobold demonologist!
The iron imp disappears in a puff of smoke! x2
The orange demon disappears in a puff of smoke!
The now-empty wand crumbles to dust.
The enormous slime creature hits you!!!
You feel much better.
The large slime creature hits you but does no damage.
The enormous slime creature hits you!!!
* * * LOW HITPOINT WARNING * * *
Rupert the Wild comes into view.
He is wielding a +2 vorpal battleaxe and wearing a +3 ring mail of poison resistance.
The enormous slime creature attacks as you move away!
The enormous slime creature hits you!!!
You die...
Your body crumbles into a pile of gold.

,*** *,,,***,,* #...##. **
*,,,<,,,** ##...... *,,,,****
##.###### * *,,*** #######.##
** **,,** ###...#..## ###
,****,,,,** ##.......## ##..
*,**,,**,,** #...###### ##...
**,,,****,,** #$$## ####..##
*,,,* *,,,,***#@## ##....##
**,,,***,**,,5#JJ#* ##...###
* *,,,,,**+****#KCKo* ##.[###
*** ,,***,,*,,,,@$..§.#*
#..##***#.. ,**
*,**,**#.###...####..###....[
,* *,**,*
#.*,.....J.o.........# ,*
*,,*,**#,*,####.......$...###
,* **,+,,,,,*,* ####.....####
,* *******+*,* #...###


You could see Rupert, an enormous slime creature, a large slime creature, a
cyclops, a kobold brigand, an orc and a kobold.

Vanquished Creatures
  Frances (D:13)
  3 hydras
  2 boulder beetles
  4 two-headed ogres
  2 centaur warriors (D:9)
  An orc knight (D:12)
  A deep elf pyromancer (D:9)
  An ugly thing (D:12)
  A manticore (D:12)
  4 cyclopes
  2 unseen horrors
  2 gargoyles
  6 kobold demonologists
  A komodo dragon (D:12)
  A troll (D:8)
  2 hornets
  4 slime creatures
  Sigmund (D:2)
  6 yaks (D:9)
  A vampire (D:10)
  A wraith (D:12)
  A basilisk (D:11)
  Grum (D:8)
  A human (D:4)
  3 steam dragons
  Edmund (D:5)
  2 water moccasins (D:8)
  3 ice beasts
  19 orc warriors
  2 sky beasts
  2 ogres
  2 black bears
  5 wolves (D:8)
  2 centaurs (D:8)
  A phantom (D:5)
  A kobold brigand (D:13)
  A gnoll sergeant (D:8)
  7 bullfrogs
  5 scorpions
  19 wights
  A killer bee (D:7)
  7 electric eels
  14 howler monkeys
  7 hounds
  7 orc priests
  Crazy Yiuf (D:5)
  4 gnoll boudas
  A human zombie (D:4)
  4 jellies
  4 iguanas
  17 orc wizards
  Robin (D:2)
  17 gnolls
  11 adders
  A white imp (D:8)
  An ufetubus (D:5)
  A worm (D:2)
  4 dart slugs
  63 orcs
  11 ball pythons
  10 endoplasms
  5 giant cockroaches
  24 goblins
  16 hobgoblins
  4 jackals (D:5)
  4 quokkas
  10 bats
  3 frilled lizards
  4 kobolds
382 creatures vanquished.

Vanquished Creatures (others)
  2 wights (D:7)
  11 fungi (D:6)
  2 plants (D:1)
15 creatures vanquished.

Grand Total: 397 creatures vanquished

Notes
Turn   | Place    | Note
-------+----------+-------------------------------------------
     0 | D:1      | retardedninja the Minotaur Fighter began the quest for the
                  | Orb.
     0 | D:1      | Reached XP level 1. HP: 19/19 MP: 0/0
   152 | D:1      | Reached XP level 2. HP: 13/27 MP: 1/1
   764 | D:1      | Reached XP level 3. HP: 33/33 MP: 2/2
  1401 | D:2      | Found a faded altar of an unknown god.
  1559 | D:2      | Noticed Robin
  1580 | D:2      | Reached XP level 4. HP: 26/41 MP: 3/3
  1587 | D:2      | Killed Robin
  2324 | D:2      | Noticed Sigmund
  2360 | D:2      | Killed Sigmund
  2361 | D:2      | Reached skill level 5 in Fighting
  2361 | D:2      | Reached skill level 5 in Armour
  2361 | D:2      | Reached skill level 5 in Shields
  2361 | D:2      | Reached XP level 5. HP: 27/48 MP: 4/4
  3069 | D:3      | Reached XP level 6. HP: 30/56 MP: 5/5
  3273 | D:3      | Found a snail-covered altar of Cheibriados.
  3630 | D:3      | Found the amulet of Elemental Vulnerability {rPois rF--
                  | rC-- AC+8}
  4190 | D:4      | Found a broken altar of Ashenzari.
  4292 | D:4      | Found a runed translucent door.
  4292 | D:4      | Noticed a human
  4324 | D:4      | Found a basalt altar of Yredelemnul.
  4361 | D:4      | Killed a human
  4362 | D:4      | Reached skill level 5 in Axes
  4362 | D:4      | Reached XP level 7. HP: 62/62 MP: 6/6
  4587 | D:4      | Found a white marble altar of Elyvilon.
  5204 | D:5      | Entered Level 5 of the Dungeon
  5230 | D:5      | Noticed a hornet
  5239 | D:5      | Killed a hornet
  5698 | D:5      | Reached XP level 8. HP: 38/71 MP: 7/7
  6092 | D:5      | Noticed Edmund
  6108 | D:5      | Killed Edmund
  6480 | D:5      | Found a runed translucent door.
  6481 | D:5      | Noticed Crazy Yiuf
  6678 | D:5      | Killed Crazy Yiuf
  6776 | D:6      | Found a staircase to the Ecumenical Temple.
  6817 | Temple   | Entered the Ecumenical Temple
  6936 | Temple   | Became a worshipper of Gozag Ym Sagoz the Greedy
  7240 | D:6      | Found a sacrificial altar of Ru.
  7970 | D:7      | Reached XP level 9. HP: 59/79 MP: 8/8
 10189 | D:8      | Noticed Grum
 10610 | D:7      | Killed an unseen horror
 10994 | D:8      | Killed Grum
 10995 | D:8      | Reached XP level 10. HP: 58/91 MP: 9/9
 11332 | D:8      | Noticed a two-headed ogre
 11360 | D:8      | Killed a two-headed ogre
 11361 | D:8      | Reached skill level 10 in Shields
 11373 | D:8      | Reached skill level 10 in Armour
 11379 | D:8      | Reached skill level 10 in Fighting
 11863 | D:8      | Reached skill level 10 in Axes
 11867 | D:8      | Noticed a two-headed ogre
 11876 | D:8      | Killed a two-headed ogre
 12146 | D:8      | Found a staircase to the Lair.
 12150 | D:8      | Noticed a gargoyle
 12515 | D:8      | Killed a gargoyle
 12516 | D:8      | Reached XP level 11. HP: 65/101 MP: 10/10
 12925 | D:9      | Found a flagged portal.
 12935 | Bailey   | Entered a bailey
 13636 | Bailey   | Found an iron altar of Okawaru.
 13863 | Bailey   | Identified the +0 plate armour "Jissiuda" {-Tele *Slow
                  | rF+++ rCorr}
 13956 | D:9      | Found Hyvek's Jewellery Shop.
 14341 | D:9      | Noticed a centaur warrior
 14353 | D:9      | Killed a centaur warrior
 14963 | D:9      | Noticed a deep elf pyromancer
 14964 | D:9      | Noticed a centaur warrior
 14968 | D:9      | Killed a deep elf pyromancer
 14974 | D:9      | Killed a centaur warrior
 14982 | D:9      | Identified the amulet "Joaxoteown" {rF+ Regen+ Dex+3 SInv}
 15005 | D:9      | Acquired the +5 kite shield of the Slug {Harm rElec rF-
                  | Regen+}
 15220 | D:10     | Entered Level 10 of the Dungeon
 15234 | D:10     | Identified the +10 sling "Leroc" {venom, rN+}
 15716 | D:10     | Found a shadowy altar of Dithmenos.
 15885 | D:10     | Found an ancient bone altar of Kikubaaqudgha.
 15897 | D:10     | Found a shimmering blue altar of Sif Muna.
 15908 | D:10     | Found a radiant altar of Vehumet.
 16002 | D:10     | Found a portal to a secret trove of treasure.
 16078 | D:11     | Noticed a boulder beetle
 16080 | D:11     | Noticed a four-headed hydra
 16090 | D:11     | Killed a ten-headed hydra
 16109 | D:11     | Killed a boulder beetle
 16249 | D:11     | Reached XP level 12. HP: 113/113 MP: 11/11
 16406 | D:11     | Found a glowing golden altar of the Shining One.
 16652 | D:11     | Noticed a two-headed ogre
 16661 | D:11     | Killed a two-headed ogre
 16926 | D:12     | Noticed a six-headed hydra
 16931 | D:12     | Killed an eight-headed hydra
 16935 | D:12     | Noticed a boulder beetle
 17006 | D:12     | Killed a boulder beetle
 17010 | D:12     | Noticed a seven-headed hydra
 17023 | D:12     | Killed a 15-headed hydra
 17173 | D:12     | Noticed a two-headed ogre
 17180 | D:12     | Killed a two-headed ogre
 17230 | D:12     | Found a staircase to the Orcish Mines.
 17795 | D:13     | Noticed Frances
 17814 | D:13     | Killed Frances
 17959 | D:13     | Noticed Rupert
 17960 | D:13     | Annihilated by an enormous slime creature

Illustrated notes

Levels and vault maps discovered:
D:1:      giann_horns, layout_loops_ring, nicolae_grassy_gnolls
D:2:      layout_basic, shapermc_ecumenical_altar_petra, uniq_sigmund,
          uniq_robin
D:3:      layout_basic, mainiacjoe_overflow_cross_hatched
D:4:      minmay_diamond_boxcup, layout_loops_ring, marbit_many_paths,
          dk_yredelemnul_ordeal, nicolae_ashenzari_panopticon
D:5:      layout_loops_cross, uniq_edmund, uniq_crazy_yiuf_cottage
D:6:      old_forge, layout_loops_corners, amcnicky_altar_gilded,
          minmay_temple_entry_stoned_glass
D:7:      layout_cave_pods
D:8:      minmay_polygon_palace, layout_rooms, erik_lair_island,
          minmay_checkerbox, uniq_grum
D:9:      minmay_cornered_nines, layout_irregular_city, enter_bailey_3,
          serial_shops, shop, minivault_27
D:10:     hellmonk_ruined_rings, layout_basic, palyth_temple_overflow_mages,
          nicolae_overflow_hidden_temple, enter_trove_6
D:11:     layout_stronghold, nicolae_two_hexagons, tso_altar
D:12:     layout_rooms, david_orc_2, special_room [special_room_orc]
D:13:     layout_layer_cave, portal_ice_cave_entry_ice_simulacra,
          minmay_misc_feat_encased, nemelex_lonely_heart_becter, uniq_frances,
          uniq_rupert
Temple:   dshaligram_water_room_temple

Skill      XL: |  1  2  3  4  5  6  7  8  9 10 11 12 |
---------------+-------------------------------------+-----
Fighting       | 4 5 6 7 9 10 12 13 | 13.6
Armour         | 4 5 6 8 9 10 12 13 | 13.5
Shields        | 4 5 6 8 9 10 12 13 | 13.6
Axes           | 3 4 5 7 8 10 12 13 | 13.2

Action                   |  1- 3 |  4- 6 |  7- 9 | 10-12 || total
-------------------------+-------+-------+-------+-------++-------
Melee: War axe           |    59 |   146 |   353 |   608 ||  1166
       Headbutt          |    15 |    14 |    60 |   130 ||   219
Invok: Potion Petition   |       |       |       |     2 ||     2
Evoke: Wand              |       |       |       |     6 ||     6
  Use: Potion            |       |     1 |     2 |     9 ||    12
       Scroll            |       |       |    18 |     9 ||    27
 Stab: Distracted        |       |       |       |     3 ||     3
       Invisible         |       |       |       |     3 ||     3
Armor: Scale mail        |    31 |    22 |       |       ||    53
       Skin              |       |    14 |       |    17 ||    31
       Plate armour      |       |    34 |   358 |   407 ||   799
Dodge: Dodged            |    28 |    46 |   117 |   155 ||   346
Block: Buckler           |    14 |    22 |    89 |   114 ||   239
       Kite shield       |       |       |       |   264 ||   264
